 Dungeon Crawl Stone Soup version 0.31-a0-692-gf03d1854d5 (webtiles) character file.

Game seed: 6525025551216729618

58 qw the Shooter (level 4, 0/27 HPs)
             Began as a Gargoyle Hunter on Sept 6, 2023.
             Slain by Terence
             ... wielding a +0 morningstar
              (12 damage)
             ... on level 2 of the Dungeon.
             The game lasted 00:00:29 (1032 turns).

qw the Shooter (Gargoyle Hunter)                    Turns: 1032, Time: 00:00:29

Health: 0/27       AC:  9    Str: 14    XL:     4   Next: 2%
Magic:  4/4        EV: 11    Int: 10    God:
Gold:   41         SH:  5    Dex: 15    Spells: 3/3 levels left

rFire   . . .        Y - +1 shortbow
rCold   . . .        (shield currently unavailable)
rNeg    + . .        i - +0 ring mail
rPois   inf          (no helmet)
rElec   +            (no cloak)
rCorr   .            (no gloves)
SInv    .            (no boots)
Will    .....        k - amulet of reflection
Stlth   +            (no ring)
HPRegen 0.24/turn    (no ring)
MPRegen 0.09/turn

%: reflection
@: no status effects
A: sickness immunity, AC +3, negative energy resistance 1, electricity
resistance, torment resistance 1, petrification resistance
a: no special abilities


You were on level 2 of the Dungeon.
You visited 1 branch of the dungeon, and saw 2 of its levels.

You collected 41 gold pieces.


Innate Abilities, Weirdness & Mutations

You are immune to sickness and miasma.
Your stone body is resilient. (AC +3)
You are immune to poison.
You resist negative energy. (rN+)
You are resistant to electric shocks. (rElec)
You are resistant to unholy torment.
You are immune to petrification.


   Skills:
 + Level 2.3 Fighting
 - Level 5.0 Ranged Weapons
 - Level 2.0 Armour
 - Level 1.5 Dodging
 - Level 1.1 Stealth


You had 3 spell levels left.
You didn't know any spells.
Your spell library was empty.

Inventory:

Hand Weapons
 Y - a +1 shortbow (weapon)
Armour
 i - a +0 ring mail (worn)
Jewellery
 k - an amulet of reflection (around neck)
Scrolls
 a - a scroll of identify
 h - 2 scrolls of teleportation
Potions
 e - a potion of invisibility {unknown}

Dungeon Overview and Level Annotations

Branches:
Dungeon (2/15)

Altars:

Annotations:
D:2 Terence


Message History

Terence is lightly wounded.
You block Terence's attack. The kobold hits you but does no damage.
You shoot an arrow.
The arrow hits Terence but does no damage.
Terence is lightly wounded.
You block Terence's attack. The kobold hits you but does no damage.
You shoot an arrow. The arrow barely misses Terence.
The kobold hits you but does no damage. You block Terence's attack.
The kobold hits you but does no damage. Terence hits you with a +0 morningstar.
You shoot an arrow. The arrow closely misses Terence.
Your transformation is almost over.
The kobold hits you but does no damage. Terence hits you but does no damage.
You shoot an arrow. The arrow barely misses Terence.
The kobold hits you but does no damage. Terence hits you but does no damage.
You shoot an arrow.
The arrow hits Terence but does no damage.
Terence is lightly wounded.
You block the kobold's attack. Terence hits you with a +0 morningstar!
You shoot an arrow.
The arrow hits Terence but does no damage.
Terence is lightly wounded.
The kobold hits you but does no damage. Terence hits you with a +0 morningstar!
You shoot an arrow.
The arrow hits Terence but does no damage.
Terence is lightly wounded.
The kobold hits you but does no damage. Terence hits you but does no damage.
You shoot an arrow.
The arrow hits Terence but does no damage.
Terence is lightly wounded.
Terence hits you but does no damage. You block the kobold's attack.
You shoot an arrow. The arrow barely misses Terence.
Terence hits you but does no damage. The kobold hits you but does no damage.
Terence barely misses you. The kobold hits you but does no damage.
You shoot an arrow.
The arrow hits Terence but does no damage.
Terence is lightly wounded.
You feel less wooden.
Your +0 ring mail unmelds from your body.
The kobold barely misses you. Terence hits you with a +0 morningstar!
You die...

..... . #.
##.######
.........
#......####
#..#.#.K..#
#...@@#
#.#.#.#
#.....#
#....?.
######. ##


You could see Terence and a kobold.

Vanquished Creatures
  Natasha (D:2)
  2 endoplasms
  A goblin (D:1)
  2 hobgoblins (D:1)
  4 jackals (D:1)
  7 kobolds
  2 quokkas (D:1)
  5 ball pythons
  2 bats (D:1)
  3 frilled lizards (D:1)
  5 rats
34 creatures vanquished.

Notes
Turn   | Place    | Note
-------+----------+-------------------------------------------
     0 | D:1      | qw the Gargoyle Hunter began the quest for the Orb.
     0 | D:1      | Reached XP level 1. HP: 12/12 MP: 1/1
     0 | D:1      | 0 ||| qw: Version: 0.3-a-76-g4403597
     0 | D:1      | 0 ||| qw: Game counter: 256
     0 | D:1      | 0 ||| qw: Melee chars always use a shield: true
     0 | D:1      | 0 ||| qw: God list: Okawaru
     0 | D:1      | 0 ||| qw: Allow faded altars: false
     0 | D:1      | 0 ||| qw: Do Orc after clearing Dungeon:15 true
     0 | D:1      | 0 ||| qw: Do second Lair branch before Depths: true
     0 | D:1      | 0 ||| qw: Lair rune preference: random
     0 | D:1      | 0 ||| qw: Goals: Normal
     0 | D:1      | 0 ||| PLANNING D:1-11
   182 | D:1      | Reached XP level 2. HP: 17/17 MP: 2/2
   522 | D:1      | Reached XP level 3. HP: 21/21 MP: 3/3
   539 | D:1      | Reached skill level 5 in Ranged Weapons
   844 | D:1      | 844 ||| UPGRADING to +0 ring mail.
   854 | D:1      | 854 ||| DROPPING +0 leather armour.
   855 | D:1      | 855 ||| UPGRADING to amulet of reflection.
   860 | D:1      | 860 ||| READING scroll labelled OSAOQY JOCE.
   861 | D:1      | 861 ||| READING scroll labelled ZESTRA AD RY OGA.
   862 | D:1      | 862 ||| READING scroll labelled KUOCUODGH TAJAG.
   863 | D:1      | 863 ||| READING 3 scrolls labelled OLYMOG TUE.
   866 | D:1      | 866 ||| READING scroll labelled MULYGR JISO.
   867 | D:1      | 867 ||| READING scroll labelled RIOLYS FANON.
   868 | D:1      | 868 ||| DROPPING scroll of butterflies.
   914 | D:2      | Noticed Natasha
   942 | D:2      | Killed Natasha
  1010 | D:2      | Reached XP level 4. HP: 26/26 MP: 4/4
  1017 | D:2      | Noticed Terence
  1032 | D:2      | Slain by Terence

Levels and vault maps discovered:
D:1:      onia_arrival_mini_spirals, layout_basic
D:2:      layout_basic, serial_glass, glass_columns_a, glass_columns_b,
          uniq_natasha, uniq_terence

Skill      XL: |  1  2  3 |
---------------+----------+-----
Ranged Weapons | 5 |  5.0
Armour         | 2 |  2.0
Fighting       | |  2.3
Dodging        | |  1.5
Stealth        | |  1.1

Action                     |  1- 3 |  4- 6 || total
---------------------------+-------+-------++-------
   Fire: Shortbow          |   104 |    16 ||   120
    Use: Scroll            |     6 |       ||     6
 Armour: Leather armour    |    58 |       ||    58
         Ring mail         |     7 |     1 ||     8
         Skin              |       |    20 ||    20
  Dodge: Dodged            |    34 |     2 ||    36
  Block: Other             |     3 |     6 ||     9

Table legend:
 A = Non-vault XP
 B = Vault XP
 C = Vault XP percentage of total XP
 D = Non-vault monster count
 E = Vault monster count
 F = Vault count percentage of total count
                 A         B        C        D         E       F
            +---------+---------+-------+---------+---------+-------
      Total |      51 |      33 |  39.3 |      33 |       1 |   2.9
            +---------+---------+-------+---------+---------+-------
        D:1 |      42 |       0 |   0.0 |      27 |       0 |   0.0
        D:2 |       9 |      33 |  78.6 |       6 |       1 |  14.3
            +---------+---------+-------+---------+---------+-------
